TOP OF THE 1ST |
Westwood Sixshooters batting - Pitching for Athletic Club KC Academy : LHP Mike Truk
|
Pitching: LHP Mike Truk
|
|
Batting: LHB Mitchell Cusimano
|
0-0: Called Strike 0-1: Ground out 4-3 (Groundball, 4)
|
Batting: RHB Nick Hoskins
|
0-0: Ground out 6-3 (Groundball, 6)
|
Batting: RHB Richard Cutshall
|
0-0: Called Strike 0-1: Swinging Strike 0-2: Ball 1-2: Strikes out swinging
|
Top of the 1st over - 0 runs, 0 hits, 0 errors, 0 left on base; Westwood 0 - Athletic Club KC Academy 0 |
BOTTOM OF THE 1ST |
Athletic Club KC Academy batting - Pitching for Westwood Sixshooters : LHP Chet Saks
|
Pitching: LHP Chet Saks
|
|
Batting: LHB Takayuki Yoshikawa
|
0-0: Ball 1-0: Called Strike 1-1: Ground out 4-3 (Groundball, 4D)
|
Batting: RHB Colin Bottone
|
0-0: Swinging Strike 0-1: Ball 1-1: Foul Ball, location: 2F 1-2: Strikes out swinging
|
Batting: LHB Ramón Morterero
|
0-0: SINGLE (Flyball, 9S)
|
Batting: LHB Pablo Hernández
|
0-0: Called Strike 0-1: Ball 1-1: Ball 2-1: Ball 3-1: Foul Ball, location: 2F 3-2: SINGLE (Groundball, 6D) Ramón Morterero to second Ramón Morterero to third
|
Batting: RHB Roger Caffyn
|
0-0: Ball 1-0: Foul Ball, location: 2F 1-1: Ball 2-1: Foul Ball, location: 2F 2-2: Strikes out swinging
|
Bottom of the 1st over - 0 runs, 2 hits, 0 errors, 2 left on base; Westwood 0 - Athletic Club KC Academy 0 |
TOP OF THE 2ND |
Westwood Sixshooters batting - Pitching for Athletic Club KC Academy : LHP Mike Truk
|
Batting: RHB Jesús Ruano
|
0-0: Swinging Strike 0-1: Foul Ball, location: 2F 0-2: Strikes out swinging
|
Batting: RHB Steve Bock
|
0-0: Foul Ball, location: 2F 0-1: SINGLE (Line Drive, 56D)
|
Batting: LHB José Vázquez
|
0-0: Swinging Strike 0-1: Ball 1-1: Fly out, F6 (Popup, P)
|
Batting: SHB Arsenio Sameiro
|
0-0: Swinging Strike 0-1: Called Strike 0-2: Ball 1-2: Foul Ball, location: 2F 1-2: Strikes out swinging
|
Top of the 2nd over - 0 runs, 1 hit, 0 errors, 1 left on base; Westwood 0 - Athletic Club KC Academy 0 |
BOTTOM OF THE 2ND |
Athletic Club KC Academy batting - Pitching for Westwood Sixshooters : LHP Chet Saks
|
Batting: LHB Chi-hun Chong
|
0-0: Ball 1-0: Ball 2-0: Ball 3-0: Called Strike 3-1: Base on Balls
|
Batting: SHB Ijsbrand van Hoogewegen
|
0-0: Called Strike 0-1: SINGLE (Groundball, 56D) Chi-hun Chong to second
|
Batting: RHB Dewey Nauss
|
0-0: Called Strike 0-1: Swinging Strike 0-2: Ball 1-2: SINGLE (Flyball, 9S) Chi-hun Chong to third Ijsbrand van Hoogewegen to second Runner from 3rd tries for Home, SAFE, no throw
|
Batting: RHB Tasuku Goto
|
0-0: Ball 1-0: Called Strike 1-1: Swinging Strike 1-2: Hit by Pitch Ijsbrand van Hoogewegen to third Dewey Nauss to second
|
Batting: LHB Takayuki Yoshikawa
|
0-0: Ball 1-0: Foul Ball, location: 2F 1-1: Grounds into double play, 6-4-3 (Groundball, 6M) Ijsbrand van Hoogewegen scores Dewey Nauss to third
|
Batting: RHB Colin Bottone
|
0-0: Ball 1-0: Ball 2-0: Called Strike 2-1: SINGLE (Groundball, 6D) Dewey Nauss scores
|
Batting: LHB Ramón Morterero
|
0-0: Ball 1-0: Foul Ball, location: 2F 1-1: Swinging Strike 1-2: Ground out U3 (Groundball, 34S)
|
Bottom of the 2nd over - 3 runs, 3 hits, 0 errors, 1 left on base; Westwood 0 - Athletic Club KC Academy 3 |
TOP OF THE 3RD |
Westwood Sixshooters batting - Pitching for Athletic Club KC Academy : LHP Mike Truk
|
Batting: LHB Phil Minor
|
0-0: Ball 1-0: Fly out, F9 (Flyball, 9LM)
|
Batting: RHB Simone Catalani
|
0-0: Called Strike 0-1: Ball 1-1: Ball 2-1: Ground out U3 (Groundball, 2R)
|
Batting: LHB Mitchell Cusimano
|
0-0: Called Strike 0-1: SINGLE (Groundball, 56S) (infield hit)
|
Batting: RHB Nick Hoskins
|
0-0: Ball 1-0: Swinging Strike 1-1: Swinging Strike 1-2: SINGLE (Groundball, 6MD) Mitchell Cusimano to second Runner from 2nd tries for 3rd, SAFE, no throw
|
Batting: RHB Richard Cutshall
|
0-0: Foul Ball, location: 2F 0-1: Ball 1-1: Fly out, F8 (Flyball, 8RM)
|
Top of the 3rd over - 0 runs, 2 hits, 0 errors, 2 left on base; Westwood 0 - Athletic Club KC Academy 3 |
BOTTOM OF THE 3RD |
Athletic Club KC Academy batting - Pitching for Westwood Sixshooters : LHP Chet Saks
|
Batting: LHB Pablo Hernández
|
0-0: Ground out U3 (Groundball, 34S)
|
Batting: RHB Roger Caffyn
|
0-0: Ball 1-0: Fly out, F7 (Flyball, 78S)
|
Batting: LHB Chi-hun Chong
|
0-0: Called Strike 0-1: Called Strike 0-2: Ball 1-2: Foul Ball, location: 2F 1-2: Ball 2-2: Foul Ball, location: 2F 2-2: Ball 3-2: Base on Balls
|
Batting: SHB Ijsbrand van Hoogewegen
|
0-0: Ball 1-0: SINGLE (Groundball, 6MD) Chi-hun Chong to second
|
Batting: RHB Dewey Nauss
|
0-0: Called Strike 0-1: Ball 1-1: Called Strike 1-2: SINGLE (Groundball, 56D) Chi-hun Chong to third Ijsbrand van Hoogewegen to second Runner from 3rd tries for Home, SAFE, no throw
|
Batting: RHB Tasuku Goto
|
0-0: Ball 1-0: Fly out, F9 (Flyball, 9LM)
|
Bottom of the 3rd over - 1 run, 2 hits, 0 errors, 2 left on base; Westwood 0 - Athletic Club KC Academy 4 |
TOP OF THE 4TH |
Westwood Sixshooters batting - Pitching for Athletic Club KC Academy : LHP Mike Truk
|
Batting: RHB Jesús Ruano
|
0-0: Called Strike 0-1: Foul Ball, location: 2F 0-2: Ball 1-2: Fly out, F4 (Popup, 4)
|
Batting: RHB Steve Bock
|
0-0: Ball 1-0: Ball 2-0: Ball 3-0: Base on Balls
|
Batting: LHB José Vázquez
|
0-0: Ball 1-0: Called Strike 1-1: Swinging Strike 1-2: Ball 2-2: Fly out, F8 (Line Drive, 8LS)
|
Batting: SHB Arsenio Sameiro
|
0-0: Ball 1-0: Ball 2-0: Fielders Choice at 2nd, 6-4 (Groundball, 56)
|
Top of the 4th over - 0 runs, 0 hits, 0 errors, 1 left on base; Westwood 0 - Athletic Club KC Academy 4 |
BOTTOM OF THE 4TH |
Athletic Club KC Academy batting - Pitching for Westwood Sixshooters : LHP Chet Saks
|
Batting: LHB Takayuki Yoshikawa
|
0-0: Foul Ball, location: 2F 0-1: Fly out, F8 (Flyball, 8LM)
|
Batting: RHB Colin Bottone
|
0-0: Ball 1-0: Called Strike 1-1: Foul Ball, location: 2F 1-2: Foul Ball, location: 2F 1-2: Ball 2-2: Ground out 6-3 (Groundball, 6)
|
Batting: LHB Ramón Morterero
|
0-0: Foul Ball, location: 2F 0-1: Ball 1-1: Foul Ball, location: 2F 1-2: Strikes out swinging
|
Bottom of the 4th over - 0 runs, 0 hits, 0 errors, 0 left on base; Westwood 0 - Athletic Club KC Academy 4 |
TOP OF THE 5TH |
Westwood Sixshooters batting - Pitching for Athletic Club KC Academy : LHP Mike Truk
|
Batting: LHB Phil Minor
|
0-0: Ball 1-0: Swinging Strike 1-1: Ball 2-1: Ball 3-1: Called Strike 3-2: Foul Ball, location: 2F 3-2: Strikes out swinging
|
Batting: RHB Simone Catalani
|
0-0: Called Strike 0-1: Ground out 1-3 (Groundball, 13S)
|
Batting: LHB Mitchell Cusimano
|
0-0: Ground out 4-3 (Groundball, 34D)
|
Top of the 5th over - 0 runs, 0 hits, 0 errors, 0 left on base; Westwood 0 - Athletic Club KC Academy 4 |
BOTTOM OF THE 5TH |
Athletic Club KC Academy batting - Pitching for Westwood Sixshooters : LHP Chet Saks
|
Batting: LHB Pablo Hernández
|
0-0: Ball 1-0: Called Strike 1-1: Swinging Strike 1-2: Ball 2-2: Strikes out swinging
|
Batting: RHB Roger Caffyn
|
0-0: Ball 1-0: SOLO HOME RUN (Flyball, 9LD), Distance : 352 ft
|
Pitching: RHP Mathew Lindell
|
|
Batting: LHB Chi-hun Chong
|
0-0: Ball 1-0: Ball 2-0: Called Strike 2-1: Called Strike 2-2: Ball 3-2: Foul Ball, location: 2F 3-2: Base on Balls
|
Batting: SHB Ijsbrand van Hoogewegen
|
0-0: Foul Ball, location: 2F 0-1: Foul Ball, location: 2F 0-2: DOUBLE (Groundball, 3L) Chi-hun Chong to third Runner from 3rd tries for Home, SAFE, no throw
|
Batting: RHB Dewey Nauss
|
0-0: Swinging Strike 0-1: Ball 1-1: Ball 2-1: Called Strike 2-2: Reached on error, E5 (Groundball, 56) Ijsbrand van Hoogewegen to third
|
Batting: RHB Tasuku Goto
|
0-0: Called Strike 0-1: Fly out, F7 (Flyball, 7S)
|
Batting: LHB Takayuki Yoshikawa
|
0-0: Ball 1-0: Swinging Strike 1-1: Swinging Strike 1-2: Foul Ball, location: 2F 1-2: Ball 2-2: Ball 3-2: Strikes out swinging
|
Bottom of the 5th over - 2 runs, 2 hits, 1 error, 2 left on base; Westwood 0 - Athletic Club KC Academy 6 |
TOP OF THE 6TH |
Westwood Sixshooters batting - Pitching for Athletic Club KC Academy : LHP Mike Truk
|
Batting: RHB Nick Hoskins
|
0-0: Foul Ball, location: 2F 0-1: Foul Ball, location: 2F 0-2: Ball 1-2: Ball 2-2: Ground out 4-3 (Groundball, 4)
|
Batting: RHB Richard Cutshall
|
0-0: SOLO HOME RUN (Flyball, 89XD), Distance : 399 ft
|
Batting: RHB Jesús Ruano
|
0-0: Ball 1-0: SINGLE (Groundball, 56D)
|
Batting: RHB Steve Bock
|
0-0: Ball 1-0: Ball 2-0: Fielders Choice at 2nd, 6-4 (Groundball, 56)
|
Batting: LHB José Vázquez
|
0-0: Ball 1-0: Ball 2-0: Called Strike 2-1: Ball 3-1: Fly out, F4 (Popup, 4)
|
Top of the 6th over - 1 run, 2 hits, 0 errors, 1 left on base; Westwood 1 - Athletic Club KC Academy 6 |
BOTTOM OF THE 6TH |
Athletic Club KC Academy batting - Pitching for Westwood Sixshooters : RHP Mathew Lindell
|
Batting: RHB Colin Bottone
|
0-0: Ball 1-0: Ball 2-0: Foul Ball, location: 2F 2-1: Ball 3-1: Base on Balls
|
Batting: LHB Ramón Morterero
|
0-0: Ball 1-0: Ball 2-0: Called Strike 2-1: Ball 3-1: Called Strike 3-2: Base on Balls Colin Bottone to second
|
Batting: LHB Pablo Hernández
|
0-0: Called Strike 0-1: Fly out, F7 (Line Drive, 78S)
|
Now in LF: José Martínez
|
|
Batting: RHB Roger Caffyn
|
0-0: Ball 1-0: Ball 2-0: Called Strike 2-1: Foul Ball, location: 2F 2-2: Foul Ball, location: 2F 2-2: Ball 3-2: Fly out, F3 (Popup, 3F)
|
Batting: LHB Chi-hun Chong
|
0-0: Ball 1-0: Fly out, F7 (Flyball, 78M)
|
Bottom of the 6th over - 0 runs, 0 hits, 0 errors, 2 left on base; Westwood 1 - Athletic Club KC Academy 6 |
TOP OF THE 7TH |
Westwood Sixshooters batting - Pitching for Athletic Club KC Academy : LHP Mike Truk
|
Batting: SHB Arsenio Sameiro
|
0-0: Called Strike 0-1: Ball 1-1: Swinging Strike 1-2: Foul Ball, location: 2F 1-2: Strikes out swinging
|
Batting: LHB José Martínez
|
0-0: Ball 1-0: Ball 2-0: Ball 3-0: Foul Ball, location: 2F 3-1: Foul Ball, location: 2F 3-2: Strikes out swinging
|
Batting: RHB Simone Catalani
|
0-0: Foul Ball, location: 2F 0-1: Ball 1-1: Foul Ball, location: 2F 1-2: Ball 2-2: Strikes out swinging
|
Top of the 7th over - 0 runs, 0 hits, 0 errors, 0 left on base; Westwood 1 - Athletic Club KC Academy 6 |
BOTTOM OF THE 7TH |
Athletic Club KC Academy batting - Pitching for Westwood Sixshooters : RHP Mathew Lindell
|
Batting: SHB Ijsbrand van Hoogewegen
|
0-0: Foul Ball, location: 2F 0-1: Called Strike 0-2: Ball 1-2: Ball 2-2: Ground out 4-3 (Groundball, 4M)
|
Batting: RHB Dewey Nauss
|
0-0: Called Strike 0-1: Ball 1-1: Foul Ball, location: 2F 1-2: Ground out 6-3 (Groundball, 6M)
|
Batting: RHB Tasuku Goto
|
0-0: Foul Ball, location: 2F 0-1: Ball 1-1: Ball 2-1: Ball 3-1: Called Strike 3-2: Fly out, F8 (Flyball, 8RD)
|
Bottom of the 7th over - 0 runs, 0 hits, 0 errors, 0 left on base; Westwood 1 - Athletic Club KC Academy 6 |
TOP OF THE 8TH |
Westwood Sixshooters batting - Pitching for Athletic Club KC Academy : LHP Mike Truk
|
Pitching: RHP Bob Sosa
|
|
Now at 2B: Roberto Romero
|
|
Batting: LHB Mitchell Cusimano
|
0-0: Ball 1-0: Foul Ball, location: 2F 1-1: Ball 2-1: Foul Ball, location: 2F 2-2: Foul Ball, location: 2F 2-2: Ball 3-2: Foul Ball, location: 2F 3-2: SINGLE (Groundball, 4MS) (infield hit)
|
Batting: RHB Nick Hoskins
|
0-0: Ball 1-0: Ground out 6-3 (Groundball, 56D) Mitchell Cusimano to second
|
Batting: RHB Richard Cutshall
|
0-0: Ball 1-0: Ball 2-0: Ball 3-0: Base on Balls
|
Batting: RHB Jesús Ruano
|
0-0: Foul Ball, location: 2F 0-1: Fly out, F5 (Line Drive, 5S)
|
Batting: RHB Steve Bock
|
0-0: Swinging Strike 0-1: Ball 1-1: Ball 2-1: Ball 3-1: Called Strike 3-2: Base on Balls Mitchell Cusimano to third Richard Cutshall to second
|
Batting: LHB José Vázquez
|
0-0: Foul Ball, location: 2F 0-1: Ball 1-1: Called Strike 1-2: Ball 2-2: Foul Ball, location: 2F 2-2: Foul Ball, location: 2F 2-2: Foul Ball, location: 2F 2-2: Foul Ball, location: 2F 2-2: Foul Ball, location: 2F 2-2: Strikes out swinging
|
Top of the 8th over - 0 runs, 1 hit, 0 errors, 3 left on base; Westwood 1 - Athletic Club KC Academy 6 |
BOTTOM OF THE 8TH |
Athletic Club KC Academy batting - Pitching for Westwood Sixshooters : RHP Mathew Lindell
|
Batting: LHB Takayuki Yoshikawa
|
0-0: Called Strike 0-1: Ball 1-1: SINGLE (Groundball, 4D)
|
Batting: RHB Roberto Romero
|
0-0: Called Strike 0-1: Ball 1-1: 2-RUN HOME RUN (Flyball, 7LD), Distance : 348 ft
|
Batting: LHB Ramón Morterero
|
0-0: Swinging Strike 0-1: Fly out, F7 (Flyball, 7)
|
Batting: LHB Pablo Hernández
|
0-0: Ball 1-0: Called Strike 1-1: Ball 2-1: Foul Ball, location: 2F 2-2: Foul Ball, location: 2F 2-2: Ball 3-2: Base on Balls
|
Batting: RHB Roger Caffyn
|
0-0: Called Strike 0-1: Ball 1-1: Swinging Strike 1-2: Strikes out swinging
|
Batting: LHB Chi-hun Chong
|
0-0: Swinging Strike 0-1: Ball 1-1: Called Strike 1-2: Strikes out looking
|
Bottom of the 8th over - 2 runs, 2 hits, 0 errors, 1 left on base; Westwood 1 - Athletic Club KC Academy 8 |
TOP OF THE 9TH |
Westwood Sixshooters batting - Pitching for Athletic Club KC Academy : RHP Bob Sosa
|
Batting: SHB Arsenio Sameiro
|
0-0: Ball 1-0: Called Strike 1-1: Called Strike 1-2: Foul Ball, location: 2F 1-2: Foul Ball, location: 2F 1-2: Ground out U3 (Groundball, 3)
|
Batting: LHB José Martínez
|
0-0: Ball 1-0: Called Strike 1-1: Ball 2-1: Ball 3-1: Base on Balls
|
Batting: RHB Simone Catalani
|
0-0: Ball 1-0: Called Strike 1-1: Fly out, F4 (Line Drive, 4)
|
Batting: LHB Mitchell Cusimano
|
0-0: Ball 1-0: Ball 2-0: Ball 3-0: Base on Balls José Martínez to second
|
Batting: RHB Nick Hoskins
|
0-0: Ball 1-0: Fly out, F8 (Flyball, 8LD)
|
Top of the 9th over - 0 runs, 0 hits, 0 errors, 2 left on base; Westwood 1 - Athletic Club KC Academy 8 |
|